 Dungeon Crawl Stone Soup version 0.31-a0-234-gad7ace16ef (webtiles) character file.

Game seed: 9231225431506041750

1101 qw the Skirmisher (level 8, -5/49 HPs)
             Began as a Gargoyle Hexslinger on July 9, 2023.
             Was an Initiate of Okawaru.
             Killed from afar by Dowan (11 damage)
             ... with a stone arrow
             ... on level 5 of the Dungeon.
             The game lasted 00:01:39 (3769 turns).

qw the Skirmisher (Gargoyle Hexslinger)             Turns: 3769, Time: 00:01:40

Health: -5/49      AC: 13    Str: 13    XL:     8   Next: 32%
Magic:  9/9        EV: 16    Int: 13    God:    Okawaru [......]
Gold:   118        SH:  0    Dex: 20    Spells: 8/9 levels left

rFire   . . .        Y - +0 sling (flame)
rCold   . . .        (no shield)
rNeg    + . .        g - +0 ring mail
rPois   inf          f - +1 hat
rElec   +            j - +0 cloak
rCorr   .            (no gloves)
SInv    .            (no boots)
Will    .....        (no amulet)
Stlth   +            d - +6 ring of dexterity
HPRegen 0.28/turn    h - +5 ring of evasion
MPRegen 0.11/turn

%: no passive effects
@: no status effects
A: sickness immunity, AC +5, negative energy resistance 1, electricity
resistance, torment resistance 1, petrification resistance
a: Renounce Religion


You were on level 5 of the Dungeon.
You worshipped Okawaru.
Okawaru was noncommittal.
You visited 2 branches of the dungeon, and saw 6 of its levels.

You collected 215 gold pieces.
You spent 97 gold pieces at shops.


Innate Abilities, Weirdness & Mutations

You are immune to sickness and miasma.
Your stone body is resilient. (AC +5)
You are immune to poison.
You resist negative energy. (rN+)
You are resistant to electric shocks. (rElec)
You are resistant to unholy torment.
You are immune to petrification.


   Skills:
 - Level 5.2 Fighting
 + Level 8.0 Ranged Weapons
 - Level 2.1 Armour
 - Level 2.0 Dodging
 - Level 1.0 Spellcasting
 - Level 2.6 Hexes


You had 8 spell levels left.
You knew the following spells:

 Your Spells              Type           Power      Damage    Failure   Level
a - Slow                  Hex            28%        N/A       21%         1

Your spell library contained the following spells:

 Spells                   Type           Power      Damage    Failure   Level
 Inner Flame              Hex/Fire       4%         N/A       71%         3
 Portal Projectile        Hex/Tloc       8%         N/A       71%         3
 Cause Fear               Hex            3%         N/A       89%         4

Inventory:

Hand Weapons
 Y - a +0 sling of flaming (weapon)
Armour
 f - a +1 hat (worn)
 g - a +0 ring mail (worn)
 j - a +0 cloak (worn)
Jewellery
 d - a +6 ring of dexterity (left hand)
 h - a +5 ring of evasion (right hand)
Scrolls
 a - 3 scrolls of identify
Potions
 c - a potion of haste
 e - a potion of cancellation

Dungeon Overview and Level Annotations

Branches:
Dungeon (5/15)             Temple (1/1) D:4

Altars:
Cheibriados
Dithmenos
Elyvilon
Fedhas
Gozag
Kikubaaqudgha
Makhleb
Nemelex Xobeh
Okawaru
Qazlal
Ru
Sif Muna
Trog
Vehumet
Wu Jian
Xom
Yredelemnul
Zin
The Shining One

Shops:
D:4 *

Annotations:
D:5 Dowan


Message History

You shoot a sling bullet. The sling bullet hits Dowan.
The sling bullet burns Dowan.
Dowan is severely wounded.
Dowan casts a spell at you. The stone arrow hits you!
Dowan casts a spell.
Dowan blinks!
You shoot a sling bullet. The sling bullet hits Dowan.
The sling bullet burns Dowan.
Dowan is almost dead.
You shoot a sling bullet.
The sling bullet hits Dowan but does no damage.
Dowan is almost dead.
You shoot a sling bullet. The sling bullet barely misses Dowan.
Dowan drinks a potion.
Dowan is healed!
You shoot a sling bullet. The sling bullet barely misses Dowan.
Dowan mumbles some strange words.
Dowan blinks!
You start resting.
Dowan is nearby!
You shoot a sling bullet. The sling bullet barely misses Dowan.
You shoot a sling bullet. The sling bullet hits Dowan.
The sling bullet burns Dowan.
Dowan is lightly wounded.
Dowan gestures wildly while chanting.
Dowan blinks!
You shoot a sling bullet. The sling bullet hits Dowan.
The sling bullet burns Dowan.
Dowan is moderately wounded.
You shoot a sling bullet. The sling bullet barely misses Dowan.
Dowan says, "Her death will not be in vain!"
Dowan points at you and mumbles some strange words.
The shard of ice hits you but does no damage.
You shoot a sling bullet. The sling bullet closely misses Dowan.
You shoot a sling bullet. The sling bullet hits Dowan!
The sling bullet burns Dowan.
Dowan is severely wounded.
Dowan gestures at you while chanting. The stone arrow hits you!
You die...

.........############........
.........'..........#........
.........#..........#.:......
.........########'###........
#+##.....# #.............
#.....# #.............
#.....# #.............
#.....# #.............
.......# #@............
............e..)...........^
............................
...#+###....................
...............
...............
...............
...............


You could see Dowan (fast).

Vanquished Creatures
  Pikel (D:4)
  Sigmund (D:3)
  Duvessa (D:5)
  2 lemures (D:4)
  A howler monkey (D:3)
  A hound (D:4)
  3 orc priests
  An orc wizard (D:4)
  Natasha (D:2)
  An iguana (D:5)
  6 adders
  An ufetubus (D:4)
  3 worms (D:2)
  3 dart slugs
  8 orcs
  8 ball pythons
  9 endoplasms
  3 giant cockroaches
  7 goblins
  2 hobgoblins
  2 jackals (D:4)
  5 quokkas
  4 bats
  3 frilled lizards
  7 kobolds
  2 rats
86 creatures vanquished.

Notes
Turn   | Place    | Note
-------+----------+-------------------------------------------
     0 | D:1      | qw the Gargoyle Hexslinger began the quest for the Orb.
     0 | D:1      | Reached XP level 1. HP: 12/12 MP: 2/2
     0 | D:1      | 0 ||| qw: Version: 0.3-a-51-g015441d
     0 | D:1      | 0 ||| qw: Game counter: 4128
     0 | D:1      | 0 ||| qw: Melee chars always use a shield: true
     0 | D:1      | 0 ||| qw: God list: Okawaru
     0 | D:1      | 0 ||| qw: Allow faded altars: false
     0 | D:1      | 0 ||| qw: Do Orc after clearing Dungeon:15 true
     0 | D:1      | 0 ||| qw: Do second Lair branch before Depths: true
     0 | D:1      | 0 ||| qw: Lair rune preference: random
     0 | D:1      | 0 ||| qw: Goals: Normal
     0 | D:1      | 0 ||| PLANNING D:1-11
    40 | D:1      | 40 ||| FLEEEEING.
    41 | D:1      | 41 ||| FLEEEEING.
    42 | D:1      | 42 ||| FLEEEEING.
    43 | D:1      | 43 ||| FLEEEEING.
    57 | D:1      | Reached XP level 2. HP: 16/16 MP: 3/3
   184 | D:1      | You fall into a shaft and drop 1 floor!
   185 | D:2      | 185 ||| UPGRADING to +6 ring of dexterity.
   186 | D:2      | 186 ||| DROPPING scroll of poison.
   199 | D:1      | Reached skill level 3 in Ranged Weapons
   559 | D:1      | Reached XP level 3. HP: 16/21 MP: 4/4
   688 | D:1      | 688 ||| UPGRADING to +5 ring of evasion.
   689 | D:1      | 689 ||| READING 3 scrolls labelled RIGETE NEGREOM.
   690 | D:1      | 690 ||| READING scroll labelled FOWUIMM YTENWA.
   691 | D:1      | 691 ||| READING scroll labelled GOOGAN ZUEMEZIG.
   695 | D:1      | 695 ||| READING 2 scrolls of identify.
   695 | D:1      | 695 ||| IDENTIFYING purple potion
   696 | D:1      | 696 ||| DROPPING potion of magic.
   735 | D:2      | Found a faded altar of an unknown god.
   900 | D:2      | Found a sparkling altar of Nemelex Xobeh.
   901 | D:2      | Noticed Natasha
   909 | D:2      | Killed Natasha
  1013 | D:2      | Reached XP level 4. HP: 26/26 MP: 5/5
  1140 | D:2      | Reached skill level 4 in Ranged Weapons
  1430 | D:2      | 1430 ||| UPGRADING to +0 ring mail.
  1440 | D:2      | 1440 ||| DROPPING +0 robe.
  1441 | D:2      | 1441 ||| UPGRADING to amulet of guardian spirit.
  1446 | D:2      | 1446 ||| DROPPING ring of willpower.
  1447 | D:2      | 1447 ||| READING scroll labelled TIMMEE KAAQ.
  1448 | D:2      | 1448 ||| READING 2 scrolls labelled QEFIVU ZERGHOGOMN.
  1449 | D:2      | 1449 ||| READING scroll labelled YMEASA UXYPE KOF.
  1450 | D:2      | 1450 ||| DROPPING scroll of noise.
  1515 | D:3      | 1515 ||| FLEEEEING.
  1516 | D:3      | 1516 ||| FLEEEEING.
  1517 | D:3      | 1517 ||| FLEEEEING.
  1518 | D:3      | 1518 ||| FLEEEEING.
  1519 | D:3      | 1519 ||| FLEEEEING.
  1520 | D:3      | 1520 ||| FLEEEEING.
  1631 | D:3      | Found a burning altar of Makhleb.
  1675 | D:3      | Reached XP level 5. HP: 30/30 MP: 3/6
  1871 | D:3      | Noticed Sigmund
  1873 | D:3      | 1873 ||| Stepping ~*~*~tactically~*~*~ (outnumbered).
  1882 | D:3      | HP: 6/30 [orc priest/divine providence (10)]
  1883 | D:3      | 1883 ||| READING scroll of teleportation.
  1885 | D:3      | Reached skill level 5 in Ranged Weapons
  2007 | D:3      | Killed Sigmund
  2008 | D:3      | Reached XP level 6. HP: 39/39 MP: 7/7
  2181 | D:3      | Noticed a blizzard demon
  2185 | D:3      | Noticed a neqoxec
  2185 | D:3      | Noticed a smoke demon
  2487 | D:3      | 2487 ||| READING 3 scrolls of identify.
  2487 | D:3      | 2487 ||| IDENTIFYING clear potion
  2488 | D:3      | 2488 ||| DROPPING potion of berserk rage.
  2537 | D:4      | Found Xibream's General Store.
  2540 | D:4      | 2540 ||| BUYING +0 sling of flaming (47 gold).
  2540 | D:4      | Bought a +0 sling of flaming for 47 gold pieces
  2540 | D:4      | 2540 ||| SHOPLISTING +3 leather armour of willpower (240
                  | gold, have 110).
  2540 | D:4      | 2540 ||| BUYING scroll of identify (20 gold).
  2540 | D:4      | Bought a scroll of identify for 20 gold pieces
  2540 | D:4      | 2540 ||| BUYING scroll of teleportation (30 gold).
  2540 | D:4      | Bought a scroll of teleportation for 30 gold pieces
  2540 | D:4      | 2540 ||| SWAPPING to +0 sling of flaming.
  2541 | D:4      | 2541 ||| DROPPING +1 sling.
  2642 | D:4      | 2642 ||| Stepping ~*~*~tactically~*~*~ (outnumbered).
  2643 | D:4      | Noticed Pikel
  2678 | D:4      | HP: 8/39 [Pikel/+0 whip of freezing (2)]
  2679 | D:4      | 2679 ||| READING scroll of teleportation.
  2816 | D:4      | Reached XP level 7. HP: 39/44 MP: 6/8
  2945 | D:4      | Found a radiant altar of Vehumet.
  3075 | D:4      | Killed Pikel
  3076 | D:4      | Reached skill level 8 in Ranged Weapons
  3076 | D:4      | Reached XP level 8. HP: 32/48 MP: 4/9
  3164 | D:4      | Found a staircase to the Ecumenical Temple.
  3165 | D:4      | 3165 ||| PLANNING TEMPLE
  3165 | D:4      | 3165 ||| UPGRADING to +1 hat.
  3170 | D:4      | 3170 ||| UPGRADING to +0 cloak.
  3175 | D:4      | 3175 ||| READING scroll labelled JEFUER YTURYH.
  3176 | D:4      | 3176 ||| READING scroll labelled QUXTI MEITH.
  3177 | D:4      | 3177 ||| DRINKING 2 inky potions.
  3186 | Temple   | Entered the Ecumenical Temple
  3196 | Temple   | 3196 ||| PLANNING OKAWARU WORSHIP
  3232 | Temple   | Became a worshipper of Warmaster Okawaru
  3233 | Temple   | 3233 ||| PLANNING D:1-11
  3233 | Temple   | 3233 ||| REMOVING amulet of guardian spirit.
  3238 | Temple   | 3238 ||| DROPPING amulet of guardian spirit.
  3327 | D:4      | Found a glowing golden altar of the Shining One.
  3512 | D:4      | Found a blossoming altar of Fedhas.
  3518 | D:4      | Found a basalt altar of Yredelemnul.
  3562 | D:4      | 3562 ||| READING 4 scrolls of identify.
  3562 | D:4      | 3562 ||| IDENTIFYING fizzy orange potion
  3563 | D:4      | 3563 ||| READING 3 scrolls of identify.
  3563 | D:4      | 3563 ||| IDENTIFYING silvery potion
  3564 | D:4      | 3564 ||| DROPPING potion of lignification.
  3588 | D:5      | Entered Level 5 of the Dungeon
  3722 | D:5      | Noticed Duvessa
  3723 | D:5      | Noticed Dowan
  3747 | D:5      | Killed Duvessa
  3758 | D:5      | HP: 3/49 [Dowan/stone arrow (15)]
  3769 | D:5      | Killed from afar by Dowan

Levels and vault maps discovered:
D:1:      arrival_zaba_pyramid, layout_loops_ring
D:2:      layout_basic, hellmonk_ecumenical_altar_slurped_away, basic_altar,
          minmay_divided_ellipse, uniq_natasha
D:3:      layout_loops_ring, makhleb_altar_promises_db, chequers_big_river,
          uniq_sigmund
D:4:      layout_loops_ring, tso_metal_star, amethyst_overflow_temple_binary,
          vehumet_altar_wand_db, minmay_temple_entry_antechambers, serial_shops,
          nicolae_shop_behind_doors, uniq_pikel
D:5:      layout_gridville, uniq_ijyb, uniq_duvessa
Temple:   nicolae_temple_ecumenical_triangle

Skill      XL: |  1  2  3  4  5  6  7  8 |
---------------+-------------------------+-----
Ranged Weapons | 3 4 5 8 |  8.0
Fighting       | 2 4 5 |  5.2
Armour         | 2 |  2.1
Dodging        | 2 |  2.0
Spellcasting   | |  1.0
Hexes          | |  2.6

Action                     |  1- 3 |  4- 6 |  7- 9 || total
---------------------------+-------+-------+-------++-------
   Fire: Sling             |    75 |   177 |   134 ||   386
    Use: Scroll            |     4 |     6 |     4 ||    14
         Potion            |       |       |     1 ||     1
 Armour: Robe              |     6 |     2 |       ||     8
         Ring mail         |       |    20 |    26 ||    46
  Dodge: Dodged            |    16 |    63 |    70 ||   149

Table legend:
 A = Non-vault XP
 B = Vault XP
 C = Vault XP percentage of total XP
 D = Non-vault monster count
 E = Vault monster count
 F = Vault count percentage of total count
                 A         B        C        D         E       F
            +---------+---------+-------+---------+---------+-------
      Total |     465 |    1109 |  70.5 |      65 |      19 |  22.6
            +---------+---------+-------+---------+---------+-------
        D:1 |      33 |       0 |   0.0 |      20 |       0 |   0.0
        D:2 |      22 |      83 |  79.0 |       7 |      15 |  68.2
        D:3 |     155 |     231 |  59.8 |      12 |       1 |   7.7
        D:4 |     204 |     653 |  76.2 |      23 |       2 |   8.0
        D:5 |      51 |     142 |  73.6 |       3 |       1 |  25.0
            +---------+---------+-------+---------+---------+-------
